 Dungeon Crawl Stone Soup version 0.27.1 (webtiles) character file.

Game seed: 5657664796175591543

39 scurtis6 the Chopper (level 3, -1/33 HPs)
             Began as a Minotaur Berserker on Aug 27, 2021.
             Was a Follower of Trog.
             Slain by Natasha (7 damage)
             ... on level 2 of the Dungeon on Aug 30, 2021.
             The game lasted 00:13:04 (2332 turns).

scurtis6 the Chopper (Minotaur Berserker)           Turns: 2332, Time: 00:13:04

Health: -1/33      AC:  5    Str: 22    XL:     3   Next: 26%
Magic:  2/2        EV: 11    Int:  4    God:    Trog [*.....]
Gold:   37         SH:  0    Dex:  9    Spells: 2/2 levels left

rFire    . . .     SeeInvis .   a - +0 hand axe
rCold    . . .     Faith    .   (no shield)
rNeg     . . .     Spirit   .   f - +0 ring mail
rPois    .         Reflect  .   (helmet restricted)
rElec    .         Harm     .   (no cloak)
rCorr    .         Rampage  .   (no gloves)
Will     .....                  (no boots)
Stlth    ..........             (no amulet)
HPRegen  0.11/turn              (no ring)
MPRegen  0.08/turn              (no ring)

@: no status effects
A: horns 2, retaliatory headbutt
a: Renounce Religion, Berserk


You were on level 2 of the Dungeon.
You worshipped Trog.
Trog was aware of your devotion.
You visited 1 branch of the dungeon, and saw 2 of its levels.

You collected 37 gold pieces.

Inventory:

Hand Weapons
 a - a +0 hand axe (weapon)
Armour
 d - a +0 leather armour
 f - a +0 ring mail (worn)
Magical Staves
 c - a staff of cold
Scrolls
 g - a scroll of enchant weapon {unknown}
Potions
 b - a potion of brilliance {unknown}
 e - a potion of flight {unknown}


   Skills:
 + Level 4.1 Fighting
 + Level 4.5 Axes
 + Level 2.7 Armour
 + Level 2.5 Dodging


You had 2 spell levels left.
You didn't know any spells.
Your spell library was empty.

Dungeon Overview and Level Annotations

Branches:
Dungeon (2/15)

Altars:

Shops:
D:1 *

Annotations:
D:2 Natasha


Innate Abilities, Weirdness & Mutations

You have a pair of horns on your head.
You reflexively headbutt those who attack you in melee.


Message History

Natasha is lightly wounded.
You barely miss the goblin. The goblin closely misses you.
Natasha barely misses you. The goblin hits you but does no damage.
Natasha claws you.
You slash the goblin!
You kill the goblin!
Trog accepts your kill.
You closely miss Natasha. Natasha completely misses you.
Found an escape hatch in the floor.
Natasha claws you but does no damage.
You see here a +0 club.
An endoplasm comes into view.
Natasha claws you but does no damage.
The endoplasm quivers.
Natasha casts a spell.
Natasha casts a spell.
The endoplasm freezes you.
You are frozen.
You barely miss the endoplasm.
Natasha mumbles some strange words.
The endoplasm freezes you.
You are frozen.
You hit the endoplasm. You headbutt the endoplasm.
You kill the endoplasm!
Trog accepts your kill.
You hit the crimson imp. Natasha closely misses you.
The crimson imp blinks!
The crimson imp barely misses you. You furiously retaliate!
You headbutt the crimson imp. You closely miss Natasha.
Natasha is lightly wounded.
You hit the crimson imp but do no damage.
Natasha claws you.
The crimson imp blinks!
The crimson imp closely misses you.
You miss the crimson imp.
The crimson imp is moderately wounded.
You hit Natasha. Natasha claws you!
* * * LOW HITPOINT WARNING * * *
The crimson imp blinks!
The crimson imp hits you.
* * * LOW HITPOINT WARNING * * *
You hit the crimson imp. Your headbutt misses the crimson imp.
The crimson imp is moderately wounded.
You closely miss the crimson imp. You hit Natasha but do no damage.
Natasha claws you!
You die...

....# #...# #...#
##...# # #..>.##
##. #.#.#...#
....#.#<#5#.#####
......ยง.).55....#
..........h@>##.#
.....####.##.#
..... ......# ....
##.#.#.# ... #.
...# ... #. ##.#
.. .. ##


You could see Natasha and 3 crimson imps.

Vanquished Creatures
  A gnoll (D:1)
  A dart slug (D:1)
  A bat (D:1)
  2 endoplasms
  A giant cockroach (D:1)
  2 goblins
  5 hobgoblins
  3 quokkas (D:1)
  2 ball pythons (D:1)
  3 kobolds (D:1)
  4 rats
25 creatures vanquished.

Vanquished Creatures (others)
  6 plants (D:1)
6 creatures vanquished.

Grand Total: 31 creatures vanquished

Notes
Turn   | Place    | Note
-------+----------+-------------------------------------------
     0 | D:1      | scurtis6 the Minotaur Berserker began the quest for the
                  | Orb.
     0 | D:1      | Reached XP level 1. HP: 19/19 MP: 0/0
   111 | D:1      | Reached XP level 2. HP: 14/27 MP: 1/1
   999 | D:1      | Found Vofrywkeagh's Assorted Antiques.
  1231 | D:1      | Reached XP level 3. HP: 33/33 MP: 2/2
  2315 | D:2      | Noticed Natasha
  2332 | D:2      | Slain by Natasha

Illustrated notes

Levels and vault maps discovered:
D:1:      dpeg_arrival_castle, layout_loops_ring, serial_shops,
          nicolae_shop_overgrown_old_shop, nrook_loot_triangle,
          kennysheep_nondescript, minmay_misc_feat_x, nrook_mini_backslash,
          grunt_decor_mini_mirrors
D:2:      wander_river, layout_basic, minmay_joined_circles, uniq_natasha,
          uniq_jessica, uniq_crazy_yiuf_cottage

Skill      XL: |  1 |
---------------+----+-----
Fighting       | 4 |  4.1
Axes           | 4 |  4.5
Armour         | |  2.7
Dodging        | |  2.5

Action                   || total
-------------------------++-------
Melee: Hand axe          ||    64
       Headbutt          ||     7
Invok: Berserk           ||     1
Armor: Animal skin       ||     3
       Leather armour    ||     2
       Ring mail         ||    12
Dodge: Dodged            ||    38
